 Dungeon Crawl Stone Soup version 0.26.0-15-gc6cd9f700b (webtiles) character file.

Game seed: 5332702838558071972

20001 xSliceyx the Destroyer (level 12, -4/68 HPs)
             Began as a Deep Elf Conjurer on Jan 16, 2021.
             Was an Elder of Vehumet.
             Killed from afar by a gargoyle (17 damage)
             ... with a stone arrow
             ... on level 15 of the Dungeon.
             The game lasted 01:25:28 (15213 turns).

xSliceyx the Destroyer (Deep Elf Conjurer)         Turns: 15213, Time: 01:25:29

Health: -4/68      AC: 18    Str:  4    XL:     12   Next: 41%
Magic:  0/29       EV: 12    Int: 32    God:    Vehumet [****..]
Gold:   802        SH:  5    Dex: 13    Spells: 19/33 levels left

rFire    + . .     SeeInvis +   C - +1 long sword
rCold    . . .     Faith    .   K - +0 buckler
rNeg     . . .     Spirit   +   J - +4 ring mail "Dater" {rCorr Int+3 Stlth+}
rPois    .         Reflect  .   i - +1 helmet
rElec    .         Harm     +   I - +0 cloak "Qoffekhe" {Harm rF+} (curse)
rCorr    +         Rampage  .   (no gloves)
Will     +....                  (no boots)
Stlth    ++........             b - amulet of guardian spirit
HPRegen  0.21/turn              V - ring of see invisible
MPRegen  0.21/turn              w - +4 ring of protection

@: no status effects
A: no striking features
a: Renounce Religion


You were on level 15 of the Dungeon.
You worshipped Vehumet.
Vehumet was greatly pleased with you.
You visited 2 branches of the dungeon, and saw 15 of its levels.
You also visited: Ossuary.

You collected 802 gold pieces.

Inventory:

Hand Weapons
 C - a +1 long sword (weapon)
Armour
 i - a +1 helmet (worn)
 I - the cursed +0 cloak "Qoffekhe" (worn) {Harm rF+}
   (You found it on level 7 of the Dungeon)

   It protects you from fire.
   It increases damage dealt and taken.
   It has a curse placed upon it.
 J - the +4 ring mail "Dater" (worn) {rCorr Int+3 Stlth+}
   (You found it on level 7 of the Dungeon)

   It affects your intelligence (+3).
   It provides partial protection from all sources of acid and corrosion.
   It makes you more stealthy.
 K - a +0 buckler (worn)
Jewellery
 b - an amulet of guardian spirit (around neck)
 w - a +4 ring of protection (right hand)
 D - an uncursed ring of ice
 L - a +4 ring of protection
 Q - an uncursed ring of poison resistance
 R - an uncursed ring of willpower
 S - an uncursed ring of protection from fire
 V - a ring of see invisible (left hand)
Wands
 d - a wand of polymorph (14)
 e - a wand of flame (62)
 v - a wand of enslavement (6)
 M - a wand of acid (18)
 P - a wand of iceblast (16)
 T - a wand of disintegration (20)
Scrolls
 a - a scroll of brand weapon {unknown}
 c - a scroll of identify
 f - 3 scrolls of magic mapping
 g - 2 scrolls of fog {unknown}
 h - 5 scrolls of fear
 j - 4 scrolls of enchant armour {unknown}
 k - 8 scrolls of immolation
 l - 13 scrolls of remove curse
 m - 2 scrolls of enchant weapon {unknown}
 t - 6 scrolls of teleportation
 y - a scroll of torment {unknown}
 z - 2 scrolls of blinking {unknown}
 H - a scroll of amnesia {unknown}
Potions
 n - a potion of invisibility
 o - 5 potions of flight
 p - 5 potions of brilliance
 q - 4 potions of curing
 r - a potion of mutation
 s - a potion of berserk rage
 x - 2 potions of attraction
 A - a potion of lignification
 B - a potion of cancellation
 F - 2 potions of ambrosia
 G - 3 potions of resistance
 O - a potion of haste
 U - 2 potions of heal wounds


   Skills:
 - Level 5.0 Fighting
 + Level 8.9 Armour
 - Level 10.0 Dodging
 - Level 2.4 Stealth
 - Level 4.0 Shields
 - Level 11.0 Spellcasting
 + Level 12.6 Conjurations
 - Level 3.0 Hexes


You had 19 spell levels left.
You knew the following spells:

 Your Spells              Type           Power        Failure   Level
a - Magic Dart            Conj           100%         1%          1
b - Searing Ray           Conj           100%         1%          2
c - Dazzling Flash        Conj/Hex       100%         1%          3
d - Fulminant Prism       Conj/Hex       30%          1%          4
e - Iskenderun's Mystic   Conj/Tloc      55%          2%          4

Your spell library contained the following spells:

 Spells                   Type           Power        Failure   Level
 Olgreb's Toxic Radiance  Pois           17%          28%         4
 Corona                   Hex            40%          3%          1
 Confusing Touch          Hex            36%          10%         3
 Animate Skeleton         Necr           34%          12%         1
 Apportation              Tloc           34%          12%         1
 Summon Small Mammal      Summ           68%          12%         1
 Gell's Gravitas          Tloc           8%           34%         3
 Yara's Violent Unravell  Hex/Tmut       13%          38%         5
 Petrify                  Tmut/Erth      17%          75%         4
 Metabolic Englaciation   Hex/Ice        13%          86%         5


Dungeon Overview and Level Annotations

Branches:
Dungeon (13/15)            Temple (1/1) D:5            Lair (0/6) D:11
Ossuary (visited)
    Orc: D:9-12      Vaults: D:13-14

Altars:
Ashenzari
Cheibriados
Dithmenos
Fedhas
Gozag
Hepliaklqana
Okawaru
Qazlal
Ru
Trog
Vehumet
Xom
Yredelemnul
Zin

Shops:
D:7 *


Message History

* * * LOW HITPOINT WARNING * * *
The searing ray hits the boulder beetle!
You kill the boulder beetle!
Vehumet accepts your kill.
You feel your power returning.
As you read the scroll labelled XAER DOFFIMUEPTUX, it crumbles to dust.
You assume a fearsome visage.
The gargoyle is unaffected.
The centaur warrior looks frightened!
It was a scroll of fear.
As you read the scroll labelled IJEM WIF HAHI, it crumbles to dust.
The creatures around you are filled with an inner flame!
It was a scroll of immolation.
The gargoyle hurls a stone arrow at you.
The stone arrow misses you.
As you read the scroll labelled POUTIC MYH PUIG, it crumbles to dust.
You feel strangely unstable.
It was a scroll of teleportation.
You see here 3 arrows.
Your surroundings seem slightly different.
The gargoyle hurls a stone arrow at you.
The stone arrow hits you!
You die...

##........#
#..........#
#..........#
#..........#
#..........#
#(.........^
##§........#
#..(†9.....#
#@..(......#
#....)......
#..........#
#...........
##..........
##.........
..#.#.#.#.
###.....#


You could see a gargoyle (inner flame).

Vanquished Creatures
  Snorg (D:13)
  A boulder beetle (D:15)
  2 centaur warriors (D:13)
  A hydra (D:11)
  2 two-headed ogres (D:13)
  2 manticores
  A cyclops (D:13)
  3 centaur zombies
  A gargoyle (D:13)
  A kobold demonologist (D:10)
  4 komodo dragons
  5 trolls
  Sigmund (D:5)
  A wraith (D:10)
  3 yaks
  Eustachio (D:5)
  Menkaure (D:5)
  A steam dragon (D:9)
  A water moccasin (D:8)
  Duvessa (D:5)
  7 orc warriors
  4 ice beasts
  3 sky beasts
  A swamp drake (D:11)
  2 phantoms
  2 eyes of draining
  A hornet zombie (D:11)
  7 ogres
  A necrophage (D:6)
  7 centaurs
  27 big kobolds
  An elf zombie (Ossuary)
  11 bullfrogs
  A gnoll sergeant (D:6)
  Dowan (D:5)
  2 scorpions
  10 killer bees
  8 wights
  3 howler monkeys
  2 quasits
  2 bullfrog zombies
  7 orc priests
  3 hounds
  2 jellies (D:5)
  10 orc wizards
  5 centaur skeletons
  A human zombie (Ossuary)
  11 worker ants
  A killer bee zombie (D:8)
  A hound zombie (Ossuary)
  4 mummies (Ossuary)
  A worker ant zombie (D:5)
  8 gnolls
  A howler monkey skeleton (D:5)
  11 adders
  A shadow imp (D:6)
  A white imp (D:10)
  2 ufetubi
  4 oozes
  2 adder skeletons
  2 adder zombies (Ossuary)
  5 worms
  4 dart slugs
  8 leopard geckos
  59 orcs
  5 bats
  6 giant cockroaches
  2 gnoll zombies (Ossuary)
  11 hobgoblins
  8 jackals
  4 quokkas
  A ball python (D:6)
  8 frilled lizards
  10 goblins
  33 kobolds
  A kobold zombie (Ossuary)
  2 orc zombies (Ossuary)
  11 rats
  2 rat zombies (Ossuary)
395 creatures vanquished.

Vanquished Creatures (others)
  An unseen horror (D:13)
  24 fulminant prisms
25 creatures vanquished.

Grand Total: 420 creatures vanquished

Notes
Turn   | Place    | Note
-------+----------+-------------------------------------------
     0 | D:1      | xSliceyx the Deep Elf Conjurer began the quest for the Orb.
     0 | D:1      | Reached XP level 1. HP: 10/10 MP: 6/6
    48 | D:1      | Found a glowing silver altar of Zin.
    72 | D:1      | Reached XP level 2. HP: 16/16 MP: 0/8
   384 | D:1      | Learned a level 2 spell: Searing Ray
  1030 | D:1      | Reached XP level 3. HP: 20/20 MP: 5/10
  1658 | D:2      | Reached skill level 1 in Fighting
  1925 | D:2      | Reached XP level 4. HP: 25/25 MP: 3/12
  2018 | D:2      | Found a faded altar of an unknown god.
  2049 | D:2      | Reached skill level 5 in Conjurations
  2819 | D:3      | Reached XP level 5. HP: 29/29 MP: 10/13
  3785 | D:4      | Found an iron altar of Okawaru.
  4477 | D:4      | Found a bloodstained altar of Trog.
  4659 | D:5      | Entered Level 5 of the Dungeon
  4673 | D:5      | Found a shadowy altar of Dithmenos.
  4683 | D:5      | Reached XP level 6. HP: 35/35 MP: 9/15
  4729 | D:5      | Noticed Duvessa
  4729 | D:5      | Noticed Dowan
  4735 | D:5      | Learned a level 3 spell: Dazzling Flash
  4740 | D:5      | Learned a level 4 spell: Fulminant Prism
  4745 | D:5      | Learned a level 4 spell: Iskenderun's Mystic Blast
  4752 | D:5      | Killed Duvessa
  4753 | D:5      | Reached skill level 5 in Spellcasting
  4754 | D:5      | Killed Dowan
  4998 | D:5      | Noticed Menkaure
  5005 | D:5      | Killed Menkaure
  5006 | D:5      | Reached skill level 5 in Dodging
  5006 | D:5      | Reached skill level 6 in Conjurations
  5006 | D:5      | Reached XP level 7. HP: 40/40 MP: 12/17
  5097 | D:5      | Found a staircase to the Ecumenical Temple.
  5104 | D:5      | You fall into a shaft and drop 1 floor!
  5566 | D:6      | Reached XP level 8. HP: 44/47 MP: 3/20
  5744 | D:5      | Noticed Sigmund
  5805 | Temple   | Entered the Ecumenical Temple
  5826 | Temple   | Became a worshipper of Vehumet
  5912 | D:5      | Reached skill level 7 in Conjurations
  6167 | D:5      | Killed Sigmund
  6526 | D:5      | Found a snail-covered altar of Cheibriados.
  6728 | D:5      | Reached * piety under Vehumet
  6728 | D:5      | Offered knowledge of Foxfire by Vehumet.
  6804 | D:5      | Noticed Eustachio
  6816 | D:5      | Killed Eustachio
  6817 | D:5      | Reached XP level 9. HP: 52/52 MP: 18/23
  7534 | D:7      | Reached skill level 8 in Conjurations
  7614 | D:7      | Reached skill level 1 in Armour
  7645 | D:7      | Found a sand-covered staircase.
  7653 | Ossuary  | Entered an ossuary
  7687 | Ossuary  | Reached skill level 5 in Fighting
  7728 | Ossuary  | Offered knowledge of Freeze by Vehumet.
  8325 | D:7      | Reached ** piety under Vehumet
  8356 | D:7      | Got a crude cloak
  8367 | D:7      | Identified the cursed +0 cloak "Qoffekhe" {Harm rF+} (You
                  | found it on level 7 of the Dungeon)
  8430 | D:7      | Found an opulent altar of Gozag.
  8432 | D:7      | Found Gozag's Platinum Reserve.
  8634 | D:7      | Got an encrusted ring mail
  8645 | D:7      | Identified the +4 ring mail "Dater" {rCorr Int+3 Stlth+}
                  | (You found it on level 7 of the Dungeon)
  9044 | D:8      | Reached skill level 1 in Shields
  9392 | D:8      | Found a shimmering altar of Xom.
  9393 | D:8      | Found a hazy altar of Hepliaklqana.
  9394 | D:8      | Noticed a spectral ugly thing
 10166 | D:9      | Noticed a troll
 10169 | D:9      | Noticed a troll
 10170 | D:9      | Offered knowledge of Inner Flame by Vehumet.
 10171 | D:9      | Reached XP level 10. HP: 55/59 MP: 14/25
 10411 | D:9      | Reached skill level 9 in Conjurations
 10424 | D:9      | Reached *** piety under Vehumet
 10669 | D:9      | Offered knowledge of Airstrike by Vehumet.
 10837 | D:9      | Found a sacrificial altar of Ru.
 11009 | D:9      | Reached skill level 10 in Spellcasting
 11084 | D:9      | Found a blossoming altar of Fedhas.
 11288 | D:10     | Entered Level 10 of the Dungeon
 11421 | D:10     | Reached **** piety under Vehumet
 11533 | D:10     | Reached skill level 5 in Armour
 11574 | D:10     | Offered knowledge of Hailstorm by Vehumet.
 11909 | D:10     | Reached XP level 11. HP: 48/63 MP: 12/27
 12506 | D:11     | Found a broken altar of Ashenzari.
 12519 | D:11     | Reached skill level 10 in Dodging
 12528 | D:11     | Reached skill level 10 in Conjurations
 12800 | D:11     | Noticed an eight-headed hydra
 13320 | D:11     | Reached ***** piety under Vehumet
 13320 | D:11     | Offered knowledge of Olgreb's Toxic Radiance by Vehumet.
 13458 | D:11     | Found a staircase to the Lair.
 13705 | D:11     | Killed an eight-headed hydra
 13706 | D:11     | Reached skill level 11 in Conjurations
 14214 | D:12     | You fall into a shaft and drop 1 floor!
 14270 | D:13     | Noticed a two-headed ogre
 14271 | D:13     | Reached skill level 1 in Hexes
 14273 | D:13     | Killed a two-headed ogre
 14304 | D:13     | Noticed Snorg
 14304 | D:13     | Noticed a centaur warrior
 14313 | D:13     | Killed Snorg
 14313 | D:13     | Killed a centaur warrior
 14314 | D:13     | Reached XP level 12. HP: 15/68 MP: 13/29
 14805 | D:13     | Noticed a two-headed ogre
 14818 | D:13     | Killed a two-headed ogre
 14829 | D:13     | Reached skill level 12 in Conjurations
 15076 | D:13     | Noticed a centaur warrior
 15084 | D:13     | Killed a centaur warrior
 15193 | D:13     | You fall into a shaft and drop 2 floors!
 15193 | D:15     | Entered Level 15 of the Dungeon
 15194 | D:15     | Noticed a boulder beetle
 15202 | D:15     | Noticed a centaur warrior
 15208 | D:15     | Killed a boulder beetle
 15213 | D:15     | Killed from afar by a gargoyle

Illustrated notes

Levels and vault maps discovered:
D:1:      kennysheep_arrival_forest, layout_basic, minmay_hexomino_r4
D:2:      layout_basic, chequers_ecumenical_altar_simple
D:3:      layout_basic
D:4:      layout_layer_cave, okawaru_trees_1, lightli_temple_of_fire
D:5:      cheibrodos_thug_alley, layout_basic,
          grunt_dithmenos_smoke_and_mirrors, cheibriados_altar_1,
          temple_statues, uniq_eustachio, uniq_sigmund, uniq_menkaure,
          uniq_duvessa
D:6:      layout_rooms, patterned_corridor
D:7:      layout_basic, nicolae_gozag_zags_fifth_avenue,
          nicolae_ossuary_entry_plus, hangedman_abyss_or_decor_passed
D:8:      layout_basic, regret_index_temple_of_mockery, st_stairs_13
D:9:      layout_cave_pools, nicolae_ru_awakened_eye, fedhas_altar_4,
          special_room [special_room_orc], serial_column_ruins,
          column_ruins_columns_straight, column_ruins_open_tiny,
          column_ruins_corridor_corner, column_ruins_corridor_straight,
          column_ruins_open_tiny, column_ruins_open_small, column_ruins_grid_1
D:10:     layout_basic, special_room [special_room_kobold]
D:11:     layout_loops_ring, erik_lair_dragon, basic_altar
D:12:     minmay_the_grid_octo_tiled_octocenter [minmay_the_grid_octo_empty,
          minmay_the_grid_octo_teeth, minmay_the_grid_octo_checkerflower,
          minmay_the_grid_octo_clover_2,
          minmay_the_grid_octo_prize_single_spiral,
          minmay_the_grid_square_5x5_bridge, minmay_the_grid_square_5x5_spiral,
          minmay_the_grid_square_5x5_eight,
          minmay_the_grid_square_5x5_almost_minimal], layout_long_grid,
          uniq_nessos
D:13:     layout_loops_corners, abandoned_shop, uniq_snorg
D:15:     hangedman_depths_entry_try_elsewhere_first, layout_rooms,
          chequers_serial_rivers_micro_d, grunt_ministairs_11,
          chequers_hall_statues_wall_a
Temple:   oiseaux_autumnal_temple

Skill      XL: |  1  2  3  4  5  6  7  8  9 10 11 12 |
---------------+-------------------------------------+-----
Dodging        | 3 4 5 6 7 8 9 10 | 10.0
Fighting       | 1 2 3 4 5 |  5.0
Spellcasting   | 4 5 6 8 9 10 11 | 11.0
Conjurations   | 5 6 7 8 9 11 12 | 12.6
Armour         | 3 5 7 8 |  8.9
Shields        | 2 4 |  4.0
Hexes          | 3 |  3.0
Stealth        | |  2.4

Action                   |  1- 3 |  4- 6 |  7- 9 | 10-12 || total
-------------------------+-------+-------+-------+-------++-------
Melee: Unarmed           |    12 |       |       |       ||    12
       Mace              |     3 |       |       |       ||     3
       Short sword       |       |     4 |    91 |       ||    95
       Long sword        |       |       |       |     1 ||     1
 Cast: Magic Dart        |    65 |    68 |    52 |    51 ||   236
       Searing Ray       |     3 |    22 |    73 |   113 ||   211
       Fulminant Prism   |       |       |     4 |    20 ||    24
       Iskenderun's Myst |       |       |     4 |     2 ||     6
  Use: Potion            |       |       |     2 |       ||     2
       Scroll            |       |       |    10 |     9 ||    19
 Stab: Sleeping          |       |     3 |     1 |       ||     4
       Invisible         |       |       |     7 |       ||     7
Armor: Robe              |     5 |     1 |    11 |     2 ||    19
       Leather armour    |       |       |    33 |       ||    33
       Ring mail         |       |       |       |    36 ||    36
Dodge: Dodged            |    22 |    17 |   151 |    64 ||   254
Block: Buckler           |       |       |       |    21 ||    21
       Rpst.: Long sword |       |       |       |    14 ||    14
